 Dungeon Crawl Stone Soup version 0.19-a0-682-g708bd0e (webtiles) character file.

5486 Sixotanaka the Fencer (level 10, -8/60 HPs)
             Began as a High Elf Skald on June 18, 2016.
             Was a High Priest of Cheibriados.
             Mangled by an eight-headed hydra (9 damage)
             ... on level 1 of the Lair of Beasts.
             The game lasted 00:26:14 (11070 turns).

Sixotanaka the Fencer (High Elf Skald)             Turns: 11070, Time: 00:26:15

Health: -8/60      AC: 13    Str: 28    XL:     10   Next: 42%
Magic:  9/14       EV: 12    Int: 26    God:    Cheibriados [*****.]
Gold:   332        SH:  5    Dex: 29    Spells: 5 memorised, 1 level left

rFire  + . .     SeeInvis .     a - +3 great sword (curse)
rCold  + . .     Gourm    .     P - +2 leather armour "Inuipaon" {Str+4}
rNeg   . . .     Faith    .     (shield currently unavailable)
rPois  +         Spirit   .     r - +0 helmet
rElec  +         Dismiss  .     K - +0 cloak
rCorr  +         Reflect  +     (no gloves)
SustAt .         Harm     .     G - +1 pair of boots
MR     +....                    C - +5 amulet of reflection
Stlth  ++........               Q - +4 ring of protection
                                A - ring of wizardry

@: about to teleport, resistant, very slow, somewhat resistant to hostile
enchantments, unstealthy
A: no striking features
a: Bend Time, Temporal Distortion, Slouch, Step From Time, Renounce Religion


You were on level 1 of the Lair of Beasts.
You worshipped Cheibriados.
Cheibriados was extremely pleased with you.
You were very hungry.

You visited 3 branches of the dungeon, and saw 11 of its levels.

You collected 532 gold pieces.
You spent 200 gold pieces at shops.


   Skills:
 - Level 2.0 Fighting
 * Level 16.3 Long Blades
 - Level 0.8 Armour
 - Level 1.1 Dodging
 - Level 2.4 Spellcasting
 - Level 6.0 Charms
 + Level 4.0 Invocations


You had one spell level left.
You knew the following spells:

 Your Spells              Type           Power        Failure   Level  Hunger
a - Shroud of Golubria    Chrm/Tloc      ###.......   2%          2    ##.....
c - Infusion              Chrm           ####         1%          1    None
g - Regeneration          Chrm/Necr      ###.......   4%          3    ###....
v - Mephitic Cloud        Conj/Pois/Air  #.......     14%         3    ###....
z - Spectral Weapon       Hex/Chrm       ###.....     4%          3    ###....


Dungeon Overview and Level Annotations

Branches:
Dungeon (9/15)             Temple (1/1) D:6            Lair (1/6) D:9
    Orc (0/2) D:9

Altars:
Ashenzari
Cheibriados
Dithmenos
Elyvilon
Fedhas
Gozag
Hepliaklqana
Kikubaaqudgha
Makhleb
Nemelex Xobeh
Okawaru
Pakellas
Qazlal
Ru
Sif Muna
Trog
Uskayaw
Vehumet
Xom
Yredelemnul
Zin
The Shining One

Shops:
D:4 }   D:5 (   D:9 }

Annotations:
Lair:1 exclusion: oklob plant

Inventory:

Hand Weapons
 a - a cursed +3 great sword (weapon)
   (You took it off a wight on level 5 of the Dungeon)
 b - a +0 blowgun
   (You found it on level 2 of the Dungeon)
Missiles
 p - 78 poisoned needles
 D - 15 curare-tipped needles
 M - 2 throwing nets (quivered) {!f}
 V - 8 javelins
 X - 3 tomahawks
Armour
 r - a +0 helmet (worn)
   (You took it off Robin on level 4 of the Dungeon)
 G - a +1 pair of boots (worn)
   (You found it on level 4 of the Dungeon)
 K - a +0 cloak (worn)
   (You found it on level 6 of the Dungeon)
 P - the +2 leather armour "Inuipaon" (worn) {Str+4}
   (You found it on level 6 of the Dungeon)

   It affects your strength (+4).
Magical Staves
 o - an uncursed staff of death {unknown}
   (You found it on level 2 of the Dungeon)
Jewellery
 e - a cursed amulet of inaccuracy {unknown}
   (You found it on level 5 of the Dungeon)
 A - a ring of wizardry (left hand)
   (You found it on level 4 of the Dungeon)
 C - a +5 amulet of reflection (around neck)
   (You found it on level 3 of the Dungeon)
 F - an uncursed ring of resist corrosion
   (You found it on level 4 of the Dungeon)
 Q - a +4 ring of protection (right hand)
   (You found it on level 6 of the Dungeon)
 S - an uncursed amulet of rage {unknown}
   (You found it on level 7 of the Dungeon)
Wands
 x - a wand of lightning (5/15)
   (You found it on level 5 of the Dungeon)
 L - a wand of paralysis (16/24)
   (You found it on level 6 of the Dungeon)
Scrolls
 g - 4 scrolls of enchant armour
 h - 2 scrolls of enchant weapon {unknown}
 l - 2 scrolls of immolation {!r}
 n - 3 scrolls of fog {unknown}
 s - a scroll of teleportation {@r4}
 y - 2 scrolls of fear {unknown}
 B - 7 scrolls of remove curse {@r2}
 I - 2 scrolls of recharging
 J - a scroll of amnesia {unknown}
 R - a scroll of magic mapping {unknown}
Potions
 f - a potion of berserk rage {unknown}
 i - 3 potions of resistance
 j - 3 potions of invisibility {unknown}
 k - 2 potions of agility {unknown}
 m - a potion of curing {unknown}
 q - a potion of haste {@q3}
 t - a potion of ambrosia {unknown}
 u - 3 potions of degeneration {unknown}
 v - 4 potions of lignification {!q}
 w - 2 potions of mutation {unknown}
 z - 2 potions of magic {unknown}
 N - a potion of brilliance {unknown}
 O - a potion of might {unknown}
 T - 2 potions of beneficial mutation {unknown}
Books
 c - a book of Battle
 E - a Young Poisoner's Handbook
   (You found it on level 3 of the Dungeon)
Miscellaneous
 H - a sack of spiders
Comestibles
 d - 2 bread rations {@e1}
 U - a beef jerky
 W - a royal jelly

....................#
......................#
.......................#
........>..............#
................####>..#
..#.#.P##.#......###.#.#
...........#....###..#.#
#........+...........#
+....@...P....###....#
#....D...#....# ######
#.............# #
#+##.#+##P....# # ..
........ # ... .........
.... ......... .....
.......... ......


You could see an eight-headed hydra.


Message History

You slice the hippogriff!!
Your spectral weapon hits the hippogriff!
You kill the hippogriff!
Cheibriados appreciates the change of pace.
Your Invocations skill increases to level 4!
As you read the scroll of teleportation {@r4}, it crumbles to dust.
You feel strangely unstable.
The eight-headed hydra closely misses you.
The eight-headed hydra bites you but does no damage.
The eight-headed hydra bites you! x2
The eight-headed hydra bites you but does no damage.
The eight-headed hydra closely misses you. x2
The eight-headed hydra bites you but does no damage.
Okay, then.
The flow of time bends around you.
The eight-headed hydra resists with some effort.
Cheibriados rebukes your spectral weapon.
Your spectral weapon seems to slow down.
You feel slightly more hungry.
The eight-headed hydra bites you but does no damage.
You block the eight-headed hydra's attack.
The eight-headed hydra bites you!
* * * LOW HITPOINT WARNING * * *
The eight-headed hydra bites you!
* * * LOW HITPOINT WARNING * * *
The eight-headed hydra bites you.
* * * LOW HITPOINT WARNING * * *
The eight-headed hydra bites you.
* * * LOW HITPOINT WARNING * * *
You block the eight-headed hydra's attack.
The eight-headed hydra barely misses you.
Unknown command.
Okay, then.
You swap places.
You are feeling very hungry.
The eight-headed hydra bites your spectral weapon!
Your spectral weapon shares its damage with you!
* * * LOW HITPOINT WARNING * * *
The eight-headed hydra bites your spectral weapon!
Your spectral weapon shares its damage with you!
Your spectral weapon fades away.
Unknown command.
It was a potion of resistance.
You feel protected.
The eight-headed hydra closely misses you.
The eight-headed hydra misses you.
The eight-headed hydra closely misses you.
The eight-headed hydra bites you but does no damage.
The eight-headed hydra bites you!
You die...

Vault maps used:
D:1:      roderic_dead_forest
D:2:      nicolae_gozag_cash_rules_everything_around_me, first_bread
D:3:      overflow_temple_1_default, lemuel_doored_altar, serial_glass,
          glass_columns_a, glass_columns_b, nicolae_dithmenos_shadow_blocks
D:4:      serial_shops, shop, uniq_robin, uniq_edmund
D:5:      grunt_temple_overflow_diamond, xom_teletrap_fun, serial_shops, shop
D:6:      old_standard_altar, minmay_temple_entry_purple_smoke
D:7:      kennysheep_seaside_town, hangedman_decor_riveting
D:8:      nicolae_overflow_hidden_temple
D:9:      lair_0_dummy, hiddenorc1_lemuel, serial_shops, shop, serial_park,
          serial_park_tiny_pond
Temple:   nicolae_temple_god_jail
Lair:1:   minmay_hedge_maze, tgw_fedhas

Vanquished Creatures
  3 hippogriffs
  A hungry ghost (D:8)
  Edmund (D:3)
  2 black bears
  An ice beast (D:5)
  3 orc warriors
  An eye of draining (D:9)
  3 sky beasts
  8 ogres
  2 phantoms
  4 centaurs
  A crocodile (Lair:1)
  7 big kobolds
  A giant frog (D:6)
  A gnoll sergeant (D:7)
  5 scorpions
  3 killer bees (D:9)
  4 wights (D:5)
  A howler monkey (D:5)
  A giant frog zombie (D:6)
  A crimson imp (D:5)
  3 jellies
  5 orc priests
  2 centaur skeletons
  2 giant frog skeletons
  4 hounds
  7 orc wizards
  2 gnoll shamans (D:7)
  3 iguanas
  7 worker ants
  2 hound skeletons
  Robin (D:4)
  12 gnolls (D:7)
  9 adders
  3 shadow imps
  An ooze (D:4)
  An adder skeleton (D:4)
  3 worms
  2 dart slugs (D:3)
  4 giant geckos
  38 orcs
  5 giant cockroaches
  20 goblins
  2 hobgoblins
  9 jackals
  8 quokkas
  2 ball pythons
  7 bats
  5 giant newts
  A jackal skeleton (D:5)
  27 kobolds
  A quokka skeleton (D:9)
  A quokka zombie (D:9)
  10 rats
263 creatures vanquished.

Vanquished Creatures (others)
  5 fungi (D:7)
  A plant (D:7)
  3 spectral weapons
  12 toadstools (Lair:1)
21 creatures vanquished.

Grand Total: 284 creatures vanquished

Table legend:
 A = Turns spent in this place as a percentage of turns spent in the entire game.
 B = Non-inter-level travel turns spent in this place as a percentage of non-inter-level travel turns spent in the entire game.
 C = Inter-level travel turns spent in this place as a percentage of turns spent in this place.
 D = Turns resting spent in this place as a percentage of non-inter-level travel turns spent in this place.
 E = Turns spent auto-exploring this place as a percentage of non-inter-level travel turns spent in this place.
 F = Non-inter-level travel turns spent in this place divided by the number of levels of this place that you've seen.
                   A       B       C       D       E      F
               +-------+-------+-------+-------+-------+----------------------
         Total | 100.0 | 100.0 |   1.0 |   5.5 |  15.8 | 279.3
       Dungeon |  97.6 |  97.7 |   1.0 |   5.6 |  15.8 | 333.3
        Temple |   0.8 |   0.8 |   4.0 |   0.0 |   0.0 |  24.0
          Lair |   1.6 |   1.6 |   2.0 |   0.0 |  22.9 |  48.0
               +-------+-------+-------+-------+-------+----------------------

Table legend:
 A = Kills in this place as a percentage of kills in entire the game.
 B = Kills by you in this place as a percentage of kills by you in the entire game.
 C = Kills by friends in this place as a percentage of kills by friends in the entire game.
 D = Other kills in this place as a percentage of other kills in the entire game.
 E = Experience gained in this place as a percentage of experience gained in the entire game.
 F = Experience gained in this place divided by the number of levels of this place that you have seen.
                   A       B       C       D       E      F
               +-------+-------+-------+-------+-------+----------------------
         Total | 100.0 | 100.0 |  -nan |  -nan | 100.0 | 712.5
       Dungeon |  98.9 |  98.9 |  -nan |  -nan |  95.9 | 834.9
          Lair |   1.1 |   1.1 |  -nan |  -nan |   4.1 | 324.0
               +-------+-------+-------+-------+-------+----------------------

Notes
Turn   | Place    | Note
--------------------------------------------------------------
     0 | D:1      | Sixotanaka the High Elf Skald began the quest for the Orb.
     0 | D:1      | Reached XP level 1. HP: 14/14 MP: 4/4
   255 | D:1      | Reached skill level 3 in Long Blades
   325 | D:1      | Reached XP level 2. HP: 19/19 MP: 6/6
   980 | D:1      | Learned a level 2 spell: Shroud of Golubria
  1091 | D:2      | Reached skill level 4 in Long Blades
  1457 | D:2      | Reached XP level 3. HP: 22/24 MP: 1/7
  1632 | D:2      | Found an opulent altar of Gozag.
  1953 | D:2      | Reached skill level 5 in Long Blades
  2055 | D:2      | Reached XP level 4. HP: 13/29 MP: 3/8
  2393 | D:3      | Found a shadowy altar of Dithmenos.
  2486 | D:3      | Found a shadowy altar of Dithmenos.
  2728 | D:3      | Found an oddly glowing altar of Pakellas.
  2933 | D:3      | Noticed a phantom
  2944 | D:2      | Learned a level 3 spell: Spectral Weapon
  3148 | D:4      | Reached skill level 6 in Long Blades
  3179 | D:4      | Noticed an ogre
  3317 | D:4      | Reached skill level 4 in Charms
  3317 | D:4      | Reached XP level 5. HP: 25/34 MP: 2/9
  3422 | D:4      | Noticed a centaur
  3428 | D:4      | Noticed Edmund
  3433 | D:4      | Killed a centaur
  3433 | D:4      | Reached skill level 7 in Long Blades
  3718 | D:4      | Noticed Robin
  3815 | D:3      | Killed a phantom
  3815 | D:3      | Reached XP level 6. HP: 20/39 MP: 5/10
  4246 | D:3      | Killed Edmund
  4246 | D:3      | Reached skill level 8 in Long Blades
  4246 | D:3      | Reached skill level 5 in Charms
  4433 | D:3      | Reached XP level 7. HP: 19/45 MP: 2/11
  5167 | D:4      | Found Biteomn's Gadget Emporium.
  5183 | D:4      | Bought a sack of spiders for 200 gold pieces
  5216 | D:4      | Reached skill level 9 in Long Blades
  5473 | D:4      | Killed Robin
  5533 | D:5      | Entered Level 5 of the Dungeon
  5567 | D:5      | Reached skill level 6 in Charms
  5589 | D:5      | Learned a level 3 spell: Regeneration
  5823 | D:5      | Found Joeczufu's Weapon Shop.
  5932 | D:5      | Reached skill level 10 in Long Blades
  5932 | D:5      | Reached XP level 8. HP: 16/50 MP: 9/12
  6478 | D:5      | Found a hazy altar of Hepliaklqana.
  6481 | D:5      | Found an ancient bone altar of Kikubaaqudgha.
  6484 | D:5      | Found a burning altar of Makhleb.
  6566 | D:5      | Found a shimmering altar of Xom.
  6669 | D:5      | Reached skill level 11 in Long Blades
  7076 | D:6      | Found a staircase to the Ecumenical Temple.
  7091 | Temple   | Entered the Ecumenical Temple
  7136 | Temple   | Became a worshipper of Cheibriados the Contemplative
  7285 | D:6      | Reached skill level 12 in Long Blades
  7390 | D:6      | Found a sparkling altar of Nemelex Xobeh.
  7430 | D:6      | Got a crude leather armour
  7441 | D:6      | Identified the +2 leather armour "Inuipaon" {Str+4} (You found it on level 6 of the Dungeon)
  7613 | D:7      | Reached * piety under Cheibriados
  7634 | D:7      | Reached XP level 9. HP: 50/54 MP: 9/13
  7720 | D:7      | Reached skill level 13 in Long Blades
  8094 | D:7      | Reached ** piety under Cheibriados
  8110 | D:7      | Reached skill level 14 in Long Blades
  8539 | D:7      | Reached skill level 15 in Long Blades
  8913 | D:8      | Found a white marble altar of Elyvilon.
  8989 | D:8      | Reached *** piety under Cheibriados
  9111 | D:8      | Reached skill level 1 in Invocations
  9111 | D:8      | Reached XP level 10. HP: 53/60 MP: 10/14
  9515 | D:9      | Reached skill level 2 in Invocations
  9538 | D:9      | Learned a level 3 spell: Mephitic Cloud
  9622 | D:9      | Reached **** piety under Cheibriados
  9737 | D:9      | Reached skill level 3 in Invocations
  9752 | D:9      | Found Ruylad's Gadget Shoppe.
 10023 | D:9      | Found a staircase to the Lair.
 10051 | D:9      | Reached skill level 16 in Long Blades
 10118 | D:9      | HP: 14/90 [orc priest/divine providence (11)]
 10585 | D:9      | Reached ***** piety under Cheibriados
 10608 | D:9      | Found a staircase to the Orcish Mines.
 10686 | Lair:1   | Entered Level 1 of the Lair of Beasts
 10950 | Lair:1   | Found a blossoming altar of Fedhas.
 10968 | Lair:1   | Noticed an oklob plant
 11065 | Lair:1   | Noticed an eight-headed hydra
 11065 | Lair:1   | Reached skill level 4 in Invocations
 11068 | Lair:1   | HP: 11/60 [eight-headed hydra (10)]
 11068 | Lair:1   | HP: 5/60 [eight-headed hydra (6)]
 11068 | Lair:1   | HP: 2/60 [eight-headed hydra (3)]
 11070 | Lair:1   | Mangled by an eight-headed hydra

Action                   |  1- 3 |  4- 6 |  7- 9 | 10-12 || total
-------------------------+-------+-------+-------+-------++-------
Melee: Falchion          |   115 |   150 |    87 |       ||   352
       Great sword       |       |       |   205 |   159 ||   364
 Cast: Infusion          |     7 |     9 |     7 |       ||    23
       Shroud of Golubri |     3 |     7 |    11 |     2 ||    23
       Spectral Weapon   |       |     5 |    29 |    10 ||    44
       Regeneration      |       |       |     6 |     4 ||    10
Invok: Bend Time         |       |       |       |     1 ||     1
  Use: Scroll            |       |       |     6 |     3 ||     9
       Potion            |       |       |       |     2 ||     2
 Stab: Sleeping          |     2 |     2 |     3 |     1 ||     8
       Distracted        |       |       |     5 |       ||     5
  Eat: Chunk             |     4 |     9 |    11 |     4 ||    28
       Meat ration       |       |       |     1 |       ||     1
       Bread ration      |       |       |     1 |       ||     1
Armor: Leather armour    |    43 |    45 |    88 |    68 ||   244
       Skin              |       |       |       |     9 ||     9
Dodge: Dodged            |    61 |   100 |   149 |    88 ||   398
Block: Other             |       |    21 |    56 |    35 ||   112
       Reflection        |       |     1 |     6 |       ||     7
